 Dungeon Crawl Stone Soup version 0.17.2 (webtiles) character file.

103898 Charly the Martial Artist (level 16, -8/85 HPs)
             Began as a Vine Stalker Transmuter on July 15, 2016.
             Was an Elder of Cheibriados.
             Mangled by a merfolk impaler
             ... wielding a +3 trident of freezing
              (18 damage)
             ... on level 3 of the Shoals.
             The game lasted 02:57:15 (8313 turns).

Charly the Martial Artist (Vine Stalker Transmuter) Turns: 8313, Time: 02:57:15

Health: -8/85      AC:  8    Str: 27    XL:     16   Next: 1%
Magic:  0/32       EV: 10    Int: 27    God:    Cheibriados [****..]
Gold:   260        SH:  0    Dex: 24    Spells: 8 memorised, 12 levels left

rFire  + . .     SeeInvis .       - Unarmed
rCold  + + +     Clarity  .     D - +2 robe of the Leaf {rC+ Regen+ Str+3}
rNeg   + . .     SustAt   .     (no shield)
rPois  +         Gourm    .     N - -2 hat of the Alchemist {rElec rPois rF+ rC+ rN+ MR+ rMut rCorr}
rElec  +         Spirit   +     s - +2 cloak {MR+}
rCorr  +         Warding  .     w - +2 pair of gloves
rMut   +         Stasis   .     (no boots)
MR     ++++.                    (no amulet)
Stlth  ++........               c - ring of protection from cold
                                (no ring)

@: about to teleport, very slightly contaminated, held, invisible, very slow,
incredibly resistant to hostile enchantments, unstealthy
A: fangs 3, poison resistance, regeneration 3, magic shield, antimagic bite, no
device heal 3, rot immunity
a: Bend Time, Temporal Distortion, Slouch, Renounce Religion
}: 1/15 runes: serpentine


You were on level 3 of the Shoals.
You worshipped Cheibriados.
Cheibriados was greatly pleased with you.
You were not hungry.

You visited 6 branches of the dungeon, and saw 35 of its levels.

You collected 1303 gold pieces.
You spent 1043 gold pieces at shops.

Inventory:

Missiles
 h - a throwing net (quivered)
 C - 60 arrows
Armour
 s - a +2 cloak of magic resistance (worn)
 u - a +2 shield of reflection
 v - a +2 helmet
 w - a +2 pair of gloves (worn)
 D - the +2 robe of the Leaf (worn) {rC+ Regen+ Str+3}
   (You found it on level 4 of the Lair of Beasts)

   It affects your strength (+3).
   It protects you from cold.
   It increases your rate of regeneration.
 L - the +0 large shield "Hynaamaz" {rCorr Dex+3}
   (You took it off Louise on level 4 of the Snake Pit)

   It affects your dexterity (+3).
   It protects you from acid and corrosion.
 N - the -2 hat of the Alchemist (worn) {rElec rPois rF+ rC+ rN+ MR+ rMut rCorr}
   (You found it on level 4 of the Shoals)

   It protects you from fire.
   It protects you from cold.
   It insulates you from electricity.
   It protects you from poison.
   It protects you from negative energy.
   It affects your resistance to hostile enchantments.
   It protects you from acid and corrosion.
   It protects you from mutation.
Magical Staves
 a - an uncursed staff of energy
Jewellery
 c - a ring of protection from cold (right hand)
 f - an uncursed ring of fire
 i - an uncursed ring of invisibility
 l - an uncursed ring of sustain attributes
 t - an uncursed ring of teleportation
 F - an uncursed ring of flight
Wands
 e - a wand of paralysis (13)
 k - a wand of enslavement (7)
 m - a wand of slowing (34)
 o - a wand of disintegration (9)
 E - a wand of polymorph (7)
 H - a wand of polymorph (13)
 M - a wand of random effects (19)
Scrolls
 q - a scroll of teleportation
 x - 2 scrolls of remove curse
 G - 3 scrolls of recharging
 I - 2 scrolls of enchant armour
 K - a scroll of magic mapping
Potions
 j - 3 potions of flight
 n - 7 potions of curing
 p - 4 potions of might
 r - 2 potions of cancellation
 A - a potion of brilliance
 B - a potion of cure mutation {unknown}
Books
 b - a book of Burglary

   Spells                             Type                      Level
   a - Swiftness                      Charms/Air                   2
   b - Passwall                       Transmutation/Earth          3
   c - Passage of Golubria            Translocation                4
   d - Lee's Rapid Deconstruction     Earth                        5
   e - Darkness                       Hexes                        6
   f - Invisibility                   Hexes                        6
 J - a book of Unlife

   Spells                             Type                      Level
   a - Recall                         Summoning/Translocation      3
   b - Animate Dead                   Necromancy                   4
   c - Control Undead                 Necromancy                   4
   d - Cigotuvi's Embrace             Necromancy                   5
   e - Death Channel                  Necromancy                   6
   f - Simulacrum                     Ice/Necromancy               6
Miscellaneous
 y - a box of beasts {used: 3}
Comestibles
 d - 6 bread rations
 z - 4 meat rations


   Skills:
 - Level 9.8 Fighting
 - Level 7.5 Dodging
 + Level 4.3 Shields
 + Level 14.8 Unarmed Combat
 - Level 11.5 Spellcasting
 - Level 5.5 Translocations
 - Level 11.6 Transmutations
 - Level 8.1 Earth Magic
 - Level 3.8 Invocations


You had 12 spell levels left.
You knew the following spells:

 Your Spells              Type           Power        Failure   Level  Hunger
a - Spider Form           Trmt/Pois      #####.....   1%          3    None
b - Sticks to Snakes      Trmt           ######....   1%          2    None
h - Blade Hands           Trmt           ######....   1%          5    ###....
p - Passwall              Trmt/Erth      ######....   1%          3    None
s - Stoneskin             Trmt/Erth      ######..     1%          2    None
B - Summon Butterflies    Summ           ###.....     4%          1    None
P - Passage of Golubria   Tloc           N/A          4%          4    None
S - Statue Form           Trmt/Erth      ######...    12%         6    #####..


Dungeon Overview and Level Annotations

Branches:
Dungeon (14/15)            Temple (1/1) D:4            Lair (8/8) D:9
 Shoals (4/4) Lair:3        Snake (4/4) Lair:5        Slime (0/6) Lair:6
    Orc (4/4) D:11            Elf (0/3) Orc:3        Vaults (0/5) D:14

Altars:
Cheibriados
Elyvilon
Gozag
Kikubaaqudgha
Makhleb
Qazlal
Xom

Shops:
D:9 *   D:12 ?   Orc:1 (   Orc:4 (*:[   Shoals:1 (   Snake:3 [

Annotations:
D:3 emiel's ghost, amateur FoFE
D:4 Thomus's ghost, novice HOFi
D:11 exclusion: downstairs
Shoals:3 Jorgrun
Orc:3 exclusion: upstairs


Innate Abilities, Weirdness & Mutations

You have razor-sharp teeth.
You regenerate.
When hurt, damage is shared between your health and your magic reserves.
Your bite disrupts and absorbs the magic of your enemies.
Potions and wands cannot restore your health.
You are immune to rotting.
Your system is resistant to poisons.


Message History

Here: Jorgrun, wielding a quarterstaff of crushing and wearing a robe Some shallow water.
You struggle against the net.
The merfolk barely misses you.
The merfolk hits you from afar with a trident!
You try to slip out of the net.
The merfolk hits you from afar with a spear.
The merfolk impaler hits you from afar with a trident of freezing!!
The merfolk barely misses you.
Unknown command.
Read which item? (? for menu, Esc to quit)
As you read the scroll of teleportation, it crumbles to dust.
You feel strangely unstable.
The merfolk impaler hits you from afar with a trident of freezing!!
* * * LOW HITPOINT WARNING * * *
The merfolk impaler freezes you.
* * * LOW HITPOINT WARNING * * *
Jorgrun splashes around in the water.
The merfolk barely misses you. The merfolk closely misses you.
The merfolk impaler hits you from afar with a trident of freezing!!
You die...

. .....≈≈≈.≈≈......
≈≈≈##......≈≈≈≈..≈.....#
≈≈≈≈≈≈≈≈≈≈≈≈≈≈≈..≈≈.≈.##
≈≈≈≈≈≈≈≈≈≈≈≈≈≈≈....≈≈..#
≈≈≈≈≈≈..≈≈≈≈≈≈≈≈≈≈≈≈≈...
..≈≈.≈≈≈≈≈≈≈≈≈≈≈≈≈≈≈≈≈..
..≈≈≈m≈mm≈≈≈≈≈≈≈≈≈≈≈≈≈≈.
.≈≈(≈≈≈g≈m≈≈≈≈≈≈≈≈≈≈≈≈≈.
≈≈≈≈≈≈≈@≈≈≈≈≈≈≈....≈≈...
≈≈≈≈≈≈≈≈≈≈≈≈≈≈PP.≈≈≈≈.#.
≈≈≈≈≈≈≈≈≈≈≈≈≈≈≈≈≈≈PP.PP.
≈≈≈≈≈≈≈≈≈≈≈≈≈≈≈≈≈≈≈≈≈...
≈≈≈≈≈≈≈≈≈≈≈≈≈≈≈≈≈≈≈≈≈..P
≈≈≈≈≈≈≈≈≈≈≈≈≈≈≈...P≈P≈P.
≈≈≈≈≈≈≈≈≈≈≈≈≈≈≈≈#.PP≈≈≈≈
≈≈≈≈≈≈≈≈≈≈≈≈≈≈≈≈#......P
≈...≈≈...P.PPP


You could see Jorgrun, a merfolk impaler and 3 merfolk.

Vanquished Creatures
  Nikola (Shoals:1)
  Agnes (Snake:4)
  6 greater nagas
  Donald (Shoals:1)
  Aizul (Snake:2)
  Louise (Snake:4)
  An orc warlord (Orc:4)
  A vault guard (D:14)
  2 merfolk impalers (Shoals:1)
  6 naga warriors
  A hydra (Lair:1)
  2 anacondas
  A merfolk avatar (Shoals:2)
  A tengu warrior (D:14)
  6 merfolk aquamancers
  10 naga sharpshooters
  A death yak (Lair:4)
  3 orc high priests (Orc:4)
  7 shock serpents
  A lindwurm (D:14)
  An unseen horror (shapeshifter) (D:14)
  A sea snake (Shoals:1)
  3 naga ritualists
  An orc knight (Orc:4)
  3 harpies (Shoals:1)
  Pikel (D:8)
  7 mana vipers
  3 manticores
  A cyclops (D:14)
  4 fauns (Shoals:2)
  2 griffons (Shoals:1)
  2 salamanders
  4 orc sorcerers (Orc:4)
  6 naga magi
  A siren (Shoals:3)
  A gargoyle (D:14)
  6 spiny frogs
  A torpor snail (Lair:4)
  22 black mambas
  2 kobold demonologists (D:13)
  5 trolls
  5 merfolk
  2 komodo dragons (Lair:3)
  A polar bear (Lair:4)
  10 blink frogs
  2 slime creatures (Lair:6)
  A snapping turtle (Shoals:2)
  A trapdoor spider (D:14)
  5 yaks (D:11)
  4 water elementals
  3 basilisks
  A wraith (D:11)
  A hungry ghost (D:11)
  A hippogriff (Lair:7)
  2 steam dragons
  5 wolves
  2 wargs (D:11)
  Edmund (D:6)
  A porcupine (Lair:3)
  30 nagas
  11 water moccasins
  2 slaves (D:8)
  A necrophage (D:8)
  17 orc warriors
  3 sky beasts
  3 ice beasts
  2 black bears
  2 eyes of draining
  8 ogres
  2 phantoms
  A wasp (D:9)
  6 crocodiles
  4 big kobolds
  12 giant frogs
  9 centaurs
  A water moccasin zombie (D:6)
  2 scorpions
  4 killer bees (D:9)
  2 wights (D:5)
  4 crimson imps
  3 giant frog zombies
  2 quasits
  A centaur skeleton (D:6)
  9 hounds
  3 centaur zombies
  7 giant frog skeletons
  4 jellies
  14 orc priests
  A gnoll shaman (D:5)
  Terence (D:2)
  18 orc wizards
  4 worker ants
  4 iguanas
  12 sheep
  A hound skeleton (D:6)
  5 hound zombies (D:6)
  4 worker ant zombies
  10 adders
  3 gnolls (D:8)
  23 river rats
  2 shadow imps
  6 oozes
  An adder skeleton (D:4)
  A worm (D:4)
  4 giant geckos
  86 orcs
  A giant cockroach (D:3)
  2 goblins (D:2)
  4 hobgoblins
  3 jackals (D:6)
  4 quokkas
  8 bats
  3 giant gecko skeletons
  A giant gecko zombie (D:6)
  3 giant newts (D:2)
  2 jackal zombies (D:6)
  12 kobolds
  A quokka zombie (D:6)
  2 rats (D:3)
  A plant (D:8)
581 creatures vanquished.

Vanquished Creatures (collateral kills)
  A giant frog zombie (D:8)
  An iguana (D:8)
  2 adders (D:3)
  A giant gecko skeleton (D:8)
5 creatures vanquished.

Vanquished Creatures (others)
  An orc warrior (Orc:1)
  3 orcs
  4 fungi (Orc:4)
8 creatures vanquished.

Grand Total: 594 creatures vanquished

Notes
Turn   | Place    | Note
--------------------------------------------------------------
     0 | D:1      | Charly the Vine Stalker Transmuter began the quest for the Orb.
     0 | D:1      | Reached XP level 1. HP: 9/9 MP: 4/4
    96 | D:4      | Reached XP level 2. HP: 3/14 MP: 1/6
   106 | D:4      | Learned a level 2 spell: Sticks to Snakes
   113 | D:4      | Noticed a gnoll shaman
   126 | D:3      | Noticed emiel's ghost (amateur FoFE)
   140 | D:4      | Noticed an ogre
   242 | D:3      | Reached XP level 3. HP: 3/17 MP: 2/7
   285 | D:2      | Learned a level 3 spell: Spider Form
   368 | D:2      | Noticed Terence
   386 | D:2      | Killed Terence
   386 | D:2      | Reached XP level 4. HP: 17/21 MP: 4/8
   472 | D:2      | Reached skill level 4 in Unarmed Combat
   513 | D:3      | HP: 1/21 [emiel's ghost (9)]
   696 | D:3      | Noticed an orc wizard
   696 | D:3      | Noticed an orc wizard
   734 | D:3      | You fall through a shaft for 2 floors!
   734 | D:5      | Entered Level 5 of the Dungeon
   736 | D:5      | Noticed a gnoll sergeant
   829 | D:5      | Reached XP level 5. HP: 9/25 MP: 4/9
   837 | D:6      | Noticed a sky beast
   889 | D:5      | Reached skill level 5 in Unarmed Combat
   963 | D:5      | Noticed a centaur
   972 | D:5      | Killed a centaur
   972 | D:5      | Reached skill level 1 in Fighting
   972 | D:5      | Gained mutation: You heal very quickly. [Vine Stalker growth]
   972 | D:5      | Reached XP level 6. HP: 13/30 MP: 2/10
  1007 | D:4      | Noticed a phantom
  1026 | D:5      | Killed a gnoll shaman
  1140 | D:6      | Killed a sky beast
  1140 | D:6      | Reached skill level 6 in Unarmed Combat
  1145 | D:6      | Gained mutation: Your system is resistant to poisons. [mutagenic meat]
  1190 | D:6      | Reached XP level 7. HP: 22/35 MP: 1/11
  1366 | D:6      | Noticed a centaur
  1387 | D:6      | Reached skill level 7 in Unarmed Combat
  1410 | D:6      | Killed a centaur
  1462 | D:5      | Gained mutation: You have razor-sharp teeth. [Vine Stalker growth]
  1462 | D:5      | Reached XP level 8. HP: 33/42 MP: 1/12
  1503 | D:6      | Noticed Edmund
  1509 | D:6      | Noticed an ice beast
  1515 | D:6      | Killed Edmund
  1519 | D:6      | Killed an ice beast
  1519 | D:6      | Reached skill level 5 in Fighting
  1539 | D:6      | Found an ancient bone altar of Kikubaaqudgha.
  1663 | D:6      | Reached skill level 8 in Unarmed Combat
  1812 | D:4      | Killed an ogre
  1823 | D:4      | Killed a phantom
  1823 | D:4      | Reached skill level 9 in Unarmed Combat
  1850 | D:4      | Noticed a giant frog skeleton
  1858 | D:4      | Killed a giant frog skeleton
  1881 | D:4      | Noticed Thomus's ghost (novice HOFi)
  1925 | D:4      | Found a staircase to the Ecumenical Temple.
  1934 | Temple   | Entered the Ecumenical Temple
  1955 | Temple   | Became a worshipper of Cheibriados the Contemplative
  2058 | D:6      | Learned a level 5 spell: Blade Hands
  2138 | D:8      | Reached XP level 9. HP: 8/47 MP: 0/13
  2143 | D:8      | Reached skill level 10 in Unarmed Combat
  2205 | D:8      | Found a stormy altar of Qazlal.
  2436 | D:8      | Reached * piety under Cheibriados
  2456 | D:8      | Found a burning altar of Makhleb.
  2476 | D:8      | Learned a level 1 spell: Summon Butterflies
  2570 | D:8      | Noticed Pikel
  2594 | D:8      | Killed Pikel
  2594 | D:8      | Reached skill level 11 in Unarmed Combat
  2684 | D:9      | Found Bupp's Assorted Antiques.
  2687 | D:9      | Bought a viscous ruby potion for 23 gold pieces
  2687 | D:9      | Bought a scroll labeled UTAONK VOOCHO for 26 gold pieces
  2687 | D:9      | Bought a scroll labeled KUSHRU OLAOC for 26 gold pieces
  2687 | D:9      | Bought a scroll of identify for 52 gold pieces
  2687 | D:9      | Bought a metallic yellow potion for 23 gold pieces
  2747 | D:10     | Entered Level 10 of the Dungeon
  2849 | D:11     | Reached ** piety under Cheibriados
  2849 | D:11     | Reached XP level 10. HP: 50/53 MP: 8/16
  2886 | D:10     | HP: 2/53 [something (3)]
  3007 | D:11     | Reached skill level 5 in Transmutations
  3058 | D:11     | Found a staircase to the Orcish Mines.
  3071 | Orc:1    | Entered Level 1 of the Orcish Mines
  3173 | D:11     | Reached skill level 5 in Spellcasting
  3244 | D:11     | Reached *** piety under Cheibriados
  3276 | D:11     | Learned a level 4 spell: Ice Form
  3281 | D:11     | Learned a level 4 spell: Passage of Golubria
  3508 | Orc:3    | Found a staircase to the Elven Halls.
  3519 | Orc:4    | Entered Level 4 of the Orcish Mines
  3536 | Orc:2    | Reached **** piety under Cheibriados
  3632 | D:9      | Found a white marble altar of Elyvilon.
  3675 | D:9      | Reached skill level 1 in Invocations
  3705 | D:9      | Found a staircase to the Lair.
  3830 | Lair:1   | Entered Level 1 of the Lair of Beasts
  3881 | Lair:1   | Noticed a seven-headed hydra
  3888 | Lair:1   | Killed a seven-headed hydra
  3888 | Lair:1   | Reached XP level 11. HP: 26/58 MP: 2/20
  3899 | Lair:1   | Found a shimmering altar of Xom.
  4172 | Lair:3   | Reached ***** piety under Cheibriados
  4211 | Lair:3   | Reached skill level 12 in Unarmed Combat
  4296 | Lair:4   | Noticed a death yak
  4310 | Lair:4   | Killed a death yak
  4404 | Lair:4   | Got an opalescent robe
  4410 | Lair:4   | Identified the +2 robe of the Leaf {rC+ Regen+ Str+3} (You found it on level 4 of the Lair of Beasts)
  4445 | Lair:5   | Reached skill level 5 in Dodging
  4451 | Lair:5   | SNAKE L5 ?
  4451 | Lair:5   | Charly: Im always getting snake when cheing recently
  4465 | Lair:6   | Gained mutation: You regenerate. [Vine Stalker growth]
  4465 | Lair:6   | Reached XP level 12. HP: 51/64 MP: 18/21
  4479 | Lair:6   | SLIME L6
  4511 | Lair:8   | Entered Level 8 of the Lair of Beasts
  4554 | Lair:6   | Sapher: you can always kill them later if you dont like them that much...
  4554 | Lair:6   | Sapher: swamp-vaults
  4554 | Lair:6   | Charly: if I find SF Im going Snake 2nd
  4554 | Lair:6   | Charly: 3 times a charm
  4554 | Lair:6   | Charly: or soemthing like that ;p
  4809 | Orc:1    | Found Unocs's Weapon Shoppe.
  4852 | Orc:4    | Noticed an orc knight
  4853 | Orc:4    | Sapher: i thought it was insta slouch
  4854 | Orc:4    | Noticed an orc high priest
  4854 | Orc:4    | Charly: what do you mean?
  4854 | Orc:4    | Charly: I failed 5 times already
  4854 | Orc:4    | Charly: on <30%
  4854 | Orc:4    | Charly: I call that bad luck
  4856 | Orc:4    | Noticed an orc high priest
  4856 | Orc:4    | Charly: wth?
  4856 | Orc:4    | Sapher: ^_^
  4856 | Orc:4    | Reached ****** piety under Cheibriados
  4857 | Orc:4    | Reached skill level 13 in Unarmed Combat
  4858 | Orc:4    | Killed an orc high priest
  4926 | Orc:4    | Killed an orc high priest
  4942 | Orc:4    | Killed an orc knight
  4945 | Orc:4    | Found Vewag's Book Boutique.
  4956 | Orc:4    | Charly: yup
  4957 | Orc:4    | Noticed an orc sorcerer
  4960 | Orc:4    | Charly: Id really appreciate not beign para now
  4969 | Orc:4    | Killed an orc sorcerer
  4977 | Orc:4    | Found Kauzaf's Antique Armour Shoppe.
  4986 | Orc:4    | Noticed an orc sorcerer
  4986 | Orc:4    | Noticed an orc sorcerer
  4997 | Orc:4    | Noticed an orc high priest
  5000 | Orc:4    | Found Liequ's Antique Weapon Emporium.
  5006 | Orc:4    | Killed an orc high priest
  5013 | Orc:4    | Killed an orc sorcerer
  5022 | Orc:4    | Noticed an orc warlord
  5022 | Orc:4    | Charly: wont be as easy as I thought
  5144 | Orc:4    | Noticed an orc sorcerer
  5145 | Orc:4    | Killed an orc sorcerer
  5214 | Orc:4    | Killed an orc sorcerer
  5216 | Orc:4    | Found Fijeehex's General Store.
  5262 | Orc:4    | Noticed an orc high priest
  5286 | Orc:4    | Found a burning altar of Makhleb.
  5324 | Orc:4    | Killed an orc warlord
  5324 | Orc:4    | Reached XP level 13. HP: 70/70 MP: 22/24
  5343 | Orc:4    | Bought a book of Transfigurations for 770 gold pieces
  5362 | Orc:3    | Learned a level 6 spell: Statue Form
  5483 | D:12     | Reached skill level 1 in Earth Magic
  5556 | D:12     | Found Byczoock's Magic Scroll Shop.
  5768 | D:14     | Noticed a vault guard
  5777 | D:14     | Killed a vault guard
  5787 | D:14     | Found a gate to the Vaults.
  5927 | D:14     | Learned a level 2 spell: Stoneskin
  6026 | D:12     | Bought a scroll of recharging for 123 gold pieces
  6241 | Lair:4   | Reached skill level 5 in Earth Magic
  6382 | Lair:5   | Found a staircase to the Snake Pit.
  6403 | Snake:1  | Entered Level 1 of the Snake Pit
  6453 | Snake:2  | Reached skill level 10 in Transmutations
  6489 | Snake:2  | Noticed a greater naga
  6502 | Snake:2  | Killed a greater naga
  6729 | Snake:2  | Charly: lag break
  6771 | Snake:2  | Reached XP level 14. HP: 75/75 MP: 23/27
  6787 | Snake:2  | Noticed Aizul
  6790 | Snake:2  | Killed Aizul
  6807 | Snake:2  | Learned a level 3 spell: Passwall
  6991 | Snake:4  | Entered Level 4 of the Snake Pit
  7078 | Snake:4  | Noticed Louise
  7091 | Snake:4  | Killed Louise
  7100 | Snake:4  | Reached skill level 10 in Spellcasting
  7102 | Snake:4  | Noticed Agnes
  7108 | Snake:4  | Killed Agnes
  7114 | Snake:4  | Got a brightly glowing large shield
  7196 | Snake:4  | Reached skill level 1 in Translocations
  7220 | Snake:4  | Identified the cursed +0 large shield "Hynaamaz" {rCorr Dex+3} (You took it off Louise on level 4 of the Snake Pit)
  7241 | Snake:4  | Noticed a greater naga
  7251 | Snake:4  | Killed a greater naga
  7321 | Snake:4  | Noticed a greater naga
  7405 | Snake:4  | Noticed a greater naga
  7419 | Snake:4  | Killed a greater naga
  7450 | Snake:4  | Reached skill level 5 in Translocations
  7452 | Snake:4  | Reached XP level 15. HP: 55/79 MP: 18/31
  7469 | Snake:4  | Noticed a greater naga
  7469 | Snake:4  | Charly: ofc
  7507 | Snake:4  | Noticed a greater naga
  7516 | Snake:4  | Killed a greater naga
  7519 | Snake:4  | Killed a greater naga
  7590 | Snake:4  | Got a serpentine rune of Zot
  7638 | Snake:4  | Killed a greater naga
  7747 | Snake:3  | Found Elamed's Armour Shoppe.
  7932 | Lair:3   | Found a staircase to the Shoals.
  7945 | Shoals:1 | Entered Level 1 of the Shoals
  7945 | Shoals:1 | Noticed Nikola
  7949 | Shoals:1 | Found Kokee's Weapon Emporium.
  7959 | Shoals:1 | Killed Nikola
  7959 | Shoals:1 | Reached skill level 14 in Unarmed Combat
  7974 | Shoals:1 | Noticed Donald
  7985 | Shoals:1 | Killed Donald
  8021 | Shoals:1 | Reached skill level 1 in Shields
  8059 | Shoals:1 | Noticed a kraken
  8267 | Shoals:3 | Reached XP level 16. HP: 40/85 MP: 11/32
  8292 | Shoals:4 | Entered Level 4 of the Shoals
  8309 | Shoals:3 | Noticed Jorgrun
  8313 | Shoals:3 | Mangled by a merfolk impaler

Action                   |  1- 3 |  4- 6 |  7- 9 | 10-12 | 13-15 | 16-18 || total
-------------------------+-------+-------+-------+-------+-------+-------++-------
Melee: Unarmed           |    35 |    86 |   355 |   408 |   416 |     1 ||  1301
       Dagger            |    22 |    41 |       |       |       |       ||    63
       Staff             |       |       |       |     1 |       |       ||     1
 Cast: Sticks to Snakes  |     2 |     8 |     6 |     3 |       |       ||    19
       Spider Form       |     2 |    12 |    31 |    16 |       |       ||    61
       Blade Hands       |       |       |       |    38 |    21 |       ||    59
       Ice Form          |       |       |       |     1 |       |       ||     1
       Summon Butterflie |       |       |       |     4 |     4 |       ||     8
       Statue Form       |       |       |       |       |    29 |       ||    29
       Stoneskin         |       |       |       |       |    17 |       ||    17
       Passage of Golubr |       |       |       |       |     6 |     1 ||     7
       Passwall          |       |       |       |       |     4 |     1 ||     5
Invok: Slouch            |       |       |       |     8 |    11 |       ||    19
       Temporal Distorti |       |       |       |     2 |    14 |       ||    16
 Abil: End Transformatio |       |       |     1 |     3 |       |       ||     4
       Evoke Invisibilit |       |       |       |     7 |       |       ||     7
Evoke: Wand              |       |       |     1 |     7 |     3 |       ||    11
       Box of beasts     |       |       |       |     3 |       |       ||     3
  Use: Scroll            |       |     5 |    14 |     8 |    16 |     1 ||    44
       Potion            |       |     2 |     6 |     3 |     1 |     1 ||    13
 Stab: Sleeping          |       |     3 |     1 |     1 |     2 |       ||     7
       Invisible         |       |       |     2 |    23 |     3 |       ||    28
       Distracted        |       |       |       |       |     1 |       ||     1
       Paralysed         |       |       |       |       |     2 |       ||     2
  Eat: Chunk             |       |     4 |       |       |       |       ||     4
       Meat ration       |       |       |     1 |       |     2 |       ||     3
       Bread ration      |       |       |     1 |       |       |       ||     1
       Royal jelly       |       |       |     4 |     7 |       |       ||    11
       Pizza             |       |       |     1 |       |     1 |       ||     2
       Beef jerky        |       |       |       |     1 |     1 |       ||     2
       Fruit             |       |       |       |       |     5 |       ||     5
